 Dungeon Crawl Stone Soup version 0.31-a0-435-g2c6fae2916 (webtiles) character file.

Game seed: 13118702049008165559

79 LeprechaunX the Ruffian (level 4, -1/29 HPs)
             Began as an Octopode Shapeshifter on Aug 1, 2023.
             Killed from afar by Sigmund (8 damage)
             ... with a puff of flame
             ... on level 3 of the Dungeon.
             The game lasted 00:01:54 (1834 turns).

LeprechaunX the Ruffian (Octopode Shapeshifter)     Turns: 1834, Time: 00:01:55

Health: -1/29      AC:  1    Str: 16    XL:     4   Next: 37%
Magic:  4/4        EV: 13    Int: 10    God:
Gold:   143        SH:  0    Dex: 12    Spells: 3/3 levels left

rFire   . .          .
                       - Unarmed
rCold   . . .        (no shield)
rNeg    . . .        (helmet currently unavailable)
rPois   .            (no amulet)
rElec   .            (no ring)
rCorr   .            (no ring)
SInv    .            (no ring)
Will    .....        (no ring)
Stlth   ++           (no ring)
HPRegen 0.24/turn    (no ring)
MPRegen 0.09/turn    (no ring)
                     (no ring)

%: no passive effects
@: confused, beast-form
A: beast (slay +2), almost no armour, amphibious, 8 rings, camouflage 1,
gelatinous body 1, (nimble swimmer 1), tentacles
a: Begin Untransformation


You were on level 3 of the Dungeon.
You were a hulking beast.
You visited 1 branch of the dungeon, and saw 3 of its levels.

You collected 143 gold pieces.

Inventory:

Talismans
 b - a beast talisman (active)
Scrolls
 c - 2 scrolls of blinking {unknown}
 f - a scroll of teleportation {unknown}
 g - 2 scrolls of fog {unknown}
 h - a scroll of identify {unknown}
Potions
 a - a potion of lignification
 d - a potion of might {unknown}
 e - 2 potions of brilliance {unknown}


   Skills:
 + Level 1.8 Fighting
 + Level 2.6 Dodging
 * Level 3.9 Unarmed Combat
 + Level 3.3 Shapeshifting


You had 3 spell levels left.
You didn't know any spells.
Your spell library was empty.

Dungeon Overview and Level Annotations

Branches:
Dungeon (3/15)

Altars:

Annotations:
D:3 Sigmund


Innate Abilities, Weirdness & Mutations

You are a hulking beast.
Your limbs bulge with bestial killing power. (Slay +2)
You cannot wear most types of armour.
You are amphibious.
You can wear up to eight rings at the same time.
Your skin changes colour to match your surroundings (Stealth+).
Your rubbery body absorbs attacks. (AC +1, EV +1)
((You are camouflaged when in or above water. (Stealth+)))
You have tentacles for arms and can constrict up to eight enemies at once.


Message History

You see here a +1 whip of electrocution.
Found a dagger.
A goblin comes into view. It is wielding a +0 dagger.
You see here a dark potion.
A goblin is nearby!
Found 2 lumpy amethyst potions.
Sigmund the Dreaded comes into view.
He is wielding a +0 scythe.
The goblin shouts!
Sigmund casts a spell.
Sigmund flickers and vanishes!
Deactivating autopickup; reactivate with Ctrl-A.
The goblin hits you with a +0 dagger.
You closely miss the goblin. Your grab misses the goblin.
The goblin closely misses you.
You closely miss the goblin. You grab the goblin. You constrict the goblin.
The goblin hits you with a +0 dagger.
You bludgeon the goblin!
You kill the goblin!
Something hits you!
You are too injured to fight recklessly!
You are too injured to fight recklessly!
You are too injured to fight recklessly!
You are too injured to fight recklessly!
You are too injured to fight recklessly!
You are too injured to fight recklessly!
You are too injured to fight recklessly!
You are too injured to fight recklessly!
You hear some strange, mumbled words.
You are confused.
Unknown command.
A magic dart appears from out of thin air!
The magic dart hits you.
* * * LOW HITPOINT WARNING * * *
You're too confused to move!
You bump into the rock wall.
You bump into the rock wall.
You hear some strange, mumbled words.
A puff of flame appears from out of thin air!
The puff of flame hits you!
You die...

#.....##.#.#.......#.###.
#..#..##.# #......<......
#........#.#............#
#..#.#...#.#............#
#)..!....#.#.............
#..#.#.#...#######......#
#..........# #......#
#..#.#.#.#.### ######.#
#.......h....# .#
#.!#.$.{##.#.#
#......).#...
#..#.#.....#.#
#..............
##.#.#.#...#.#.#
#..#....... ... #.# #.
.#.#. . #. .. ......


There were no monsters in sight!

Vanquished Creatures
  Robin (D:2)
  An adder (D:2)
  A worm (D:2)
  A dart slug (D:1)
  3 giant cockroaches
  9 goblins
  10 hobgoblins
  3 kobolds
  4 quokkas
  4 ball pythons
  6 bats
  9 frilled lizards (D:2)
  A rat (D:2)
53 creatures vanquished.

Notes
Turn   | Place    | Note
-------+----------+-------------------------------------------
     0 | D:1      | LeprechaunX the Octopode Shapeshifter began the quest for
                  | the Orb.
     0 | D:1      | Reached XP level 1. HP: 13/13 MP: 1/1
    20 | D:1      | Found a faded altar of an unknown god.
   369 | D:1      | Reached XP level 2. HP: 15/18 MP: 2/2
   719 | D:2      | Reached XP level 3. HP: 21/23 MP: 3/3
   888 | D:2      | Noticed Robin
   936 | D:2      | HP: 1/23 [Robin/+0 spear (5)]
  1036 | D:2      | Killed Robin
  1037 | D:2      | Reached XP level 4. HP: 29/29 MP: 4/4
  1822 | D:3      | Noticed Sigmund
  1834 | D:3      | Killed from afar by Sigmund

Illustrated notes

Levels and vault maps discovered:
D:1:      amcnicky_arrival_wind_blow, layout_loops_cross, basic_ecumenical_altar
D:2:      layout_basic, minmay_lizard_pond, uniq_robin
D:3:      layout_loops_cross, nicolae_qazlal_eye_of_the_storm,
          hangedman_decor_riveting, uniq_sigmund

Action                     |  1- 3 |  4- 6 || total
---------------------------+-------+-------++-------
  Melee: Unarmed           |    55 |    26 ||    81
         Constrict         |    14 |    10 ||    24
         Tentacles         |     9 |     3 ||    12
         Punch             |     4 |     1 ||     5
    Use: Potion            |     1 |       ||     1
   Stab: Sleeping          |     3 |     1 ||     4
 Armour: Skin              |    20 |     3 ||    23
  Dodge: Dodged            |    39 |    12 ||    51

Table legend: (Time is in decaauts)
 A = Elapsed time spent in this place.
 B = Non-inter-level travel time spent in this place.
 C = Inter-level travel time spent in this place.
 D = Time resting spent in this place.
 E = Time spent auto-exploring this place.
 F = Levels seen in this place.
 G = Mean time per level.
                   A        B        C        D        E       F      G
               +--------+--------+--------+--------+--------+-----+--------+
         Total |   1828 |   1774 |     54 |     61 |   1421 |   3 |  609.3 |
       Dungeon |   1828 |   1774 |     54 |     61 |   1421 |   3 |  609.3 |
               +--------+--------+--------+--------+--------+-----+--------+

Top non-repeatable levels by time:
     D:2: 883 daAuts
     D:1: 744 daAuts
     D:3: 201 daAuts
